 Dungeon Crawl Stone Soup version 0.31-a0-981-geadf994542 (webtiles) character file.

Game seed: 12025798055435264311

336 IdlyInterested the Ruffian (level 6, -2/48 HPs)
             Began as a Demonspawn Fighter on Oct 31, 2023.
             Slain by an iguana (11 damage)
             ... on level 4 of the Dungeon.
             The game lasted 00:12:05 (3608 turns).

IdlyInterested the Ruffian (Demonspawn Fighter)     Turns: 3608, Time: 00:12:05

Health: -2/48      AC:  8    Str: 19 (21) XL:     6   Next: 28%
Magic:  6/6        EV: 11    Int: 13      God:
Gold:   226        SH:  0    Dex: 12      Spells: 5/5 levels left

rFire   . .          .
                       - Unarmed
rCold   + . .        b - +0 buckler
rNeg    + . .        C - +0 ring mail "Puomopeg" {rC+ Str+3 Int+3}
rPois   +            (no helmet)
rElec   .            u - +0 cloak
rCorr   .            (no gloves)
SInv    +            x - +0 pair of boots
Will    .....        (no amulet) Stlth
                     l - ring of Dega {rPois rN+ SInv}
HPRegen 0.28/turn    (no ring)
MPRegen 0.10/turn

%: no passive effects
@: confused, attractive
A: claws 1, sharp scales 1, condensation shield
a: no special abilities


You were on level 4 of the Dungeon.
You visited 1 branch of the dungeon, and saw 4 of its levels.

You collected 226 gold pieces.

Inventory:

Hand Weapons
 e - a +0 hand axe
 r - a +0 rapier
 s - a +0 spear
 A - a +0 mace
Missiles
 d - 12 stones
 g - 20 poisoned darts (quivered)
 n - a throwing net
 y - 6 javelins
Armour
 b - a +0 buckler (worn)
 j - a +0 chain mail
 u - a +0 cloak (worn)
 x - a +0 pair of boots (worn)
 C - the +0 ring mail "Puomopeg" (worn) {rC+ Str+3 Int+3}
   (You found it on level 4 of the Dungeon)

   Str+3:     It affects your strength (+3).
   Int+3:     It affects your intelligence (+3).
   rC+:       It protects you from cold.
Jewellery
 l - the ring of Dega (left claw) {rPois rN+ SInv}
   (You took it off a goblin on level 2 of the Dungeon)

   [ring of see invisible]

   rPois:     It protects you from poison rN+: It protects you from negative
   energy.
   SInv:      It lets you see invisible.
Scrolls
 f - a scroll of poison
 h - a scroll of amnesia
 i - a scroll of enchant weapon {unknown}
 k - 2 scrolls of teleportation {unknown}
 o - a scroll of vulnerability {unknown}
 p - a scroll of silence {unknown}
 t - a scroll of brand weapon {unknown}
 v - a scroll of torment {unknown}
 w - a scroll of summoning {unknown}
Potions
 c - 2 potions of might
 m - 2 potions of magic
 q - a potion of brilliance
 z - a potion of invisibility {unknown}
 B - a potion of lignification {unknown}


   Skills:
 - Level 4.0 Fighting
 - Level 1.0 Throwing
 - Level 3.0 Armour
 + Level 2.0 Dodging
 - Level 1.0 Stealth
 - Level 3.0 Shields
 - Level 4.0 Unarmed Combat
 - Level 1.0 Evocations
 - Level 1.0 Shapeshifting


You had 5 spell levels left.
You didn't know any spells.
Your spell library contained the following spells:

 Spells                   Type           Power      Damage    Failure   Level
 Blink                    Tloc           0%         N/A       69%         2
 Lesser Beckoning         Tloc           0%         N/A       69%         2
 Momentum Strike          Conj/Tloc      0%         3d8       69%         2
 Ignite Poison            Fire/Tmut/Pois 0%         N/A       89%         3
 Sticky Flame             Conj/Fire      0%         2d3       100%        4
 Ignition                 Fire           0%         3d3       100%        8


Dungeon Overview and Level Annotations

Branches:
Dungeon (4/15)
 Temple: D:4-7

Altars:


Innate Abilities, Weirdness & Mutations

You have sharp fingernails.
You are partially covered in razor-sharp scales. (AC +1, Slay +1)
A meltable shield of frost defends you. (SH +4)


Message History

The orc priest mumbles some strange prayers to Beogh against you.
Beogh smites you!
The orc wizard points at you and mumbles some strange words.
The magic dart hits you.
You scratch the orc wizard.
The orc wizard is moderately wounded.
The orc priest begins to cast a cantrip, but forgets the words!
The orc wizard hits you but does no damage.
The iguana bites you!
You bump into the rock wall.
The iguana bites you but does no damage.
An orc comes into view. It is wielding a +0 whip.
The orc wizard misses you.
The orc shouts!
The orc wizard hits you with a +0 dagger.
A ball python comes into view.
The ball python hisses angrily.
The orc wizard barely misses you.
You bump into the rock wall.
The iguana bites you but does no damage.
The orc wizard hits you with a +0 dagger.
The orc wizard attacks as it pursues you!
The orc wizard hits you but does no damage.
The orc priest casts a cantrip, but nothing happens.
You claw the orc wizard!
You kill the orc wizard!
Your Dodging skill increases to level 2!
You barely miss the iguana.
The orc priest mumbles some strange prayers to Beogh against you.
Beogh smites you!
* * * LOW HITPOINT WARNING * * *
The iguana misses you.
Non-targeted confused throw: 6 javelins
Press: ? - help, Dir - look around, f - activate Look: an orc priest, wielding a +0 flail
Okay, then.
It was a potion of attraction.
You feel attractive to monsters. The iguana bites you!
You die...

#.#...#####. #...#.......
#.###=###
##.....#######.##.....
................?.#..
.......#.#####.# ..S#
#.#.........##.# #..#
#...........##.# #..# #
####........##.###S.#.#..#
##...........@lso.....#
#.......##.###o##..###
#.......##.###.##..#
#..................#
#.##.##....<....... #.
#.##.##.#####... #. #.##.#
... .. #.# ...# #. ..#


You could see a scorpion, an iguana, an orc priest, an orc and a ball python.

Vanquished Creatures
  An orc priest (D:4)
  An iguana (D:4)
  4 orc wizards
  Terence (D:3)
  3 gnolls (D:3)
  An adder (D:2)
  3 worms (D:3)
  2 dart slugs (D:1)
  9 orcs
  8 bats
  8 endoplasms
  A giant cockroach (D:3)
  6 hobgoblins
  8 jackals
  8 kobolds
  6 quokkas
  9 ball pythons
  6 frilled lizards
  6 goblins
  4 rats
95 creatures vanquished.

Notes
Turn   | Place    | Note
-------+----------+-------------------------------------------
     0 | D:1      | IdlyInterested the Demonspawn Fighter began the quest for
                  | the Orb.
     0 | D:1      | Reached XP level 1. HP: 18/18 MP: 1/1
   162 | D:1      | Reached skill level 1 in Dodging
   179 | D:1      | Gained mutation: You have sharp fingernails. [demonic
                  | ancestry]
   179 | D:1      | Reached XP level 2. HP: 24/24 MP: 2/2
   314 | D:1      | Reached skill level 1 in Stealth
   516 | D:1      | Gained mutation: A meltable shield of frost defends you.
                  | (SH +4) [demonic ancestry]
   516 | D:1      | Reached XP level 3. HP: 25/29 MP: 3/3
   633 | D:1      | Reached skill level 1 in Throwing
   956 | D:2      | Identified the ring of Dega {rPois rN+ SInv}
   972 | D:2      | Reached skill level 1 in Shapeshifting
  1179 | D:2      | Reached XP level 4. HP: 34/35 MP: 4/4
  1704 | D:3      | Noticed Terence
  1715 | D:3      | Killed Terence
  1716 | D:3      | Reached skill level 1 in Evocations
  1978 | D:3      | Gained mutation: You are partially covered in razor-sharp
                  | scales. (AC +1, Slay +1) [demonic ancestry]
  1978 | D:3      | Reached XP level 5. HP: 40/41 MP: 5/5
  3425 | D:4      | Reached XP level 6. HP: 48/48 MP: 6/6
  3545 | D:4      | Identified the +0 ring mail "Puomopeg" {rC+ Str+3 Int+3}
  3608 | D:4      | Slain by an iguana

Illustrated notes

Levels and vault maps discovered:
D:1:      mrwooster_arrival_statue, layout_basic, minmay_heptomino_l4
D:2:      layout_rooms, minmay_randomly_rotated_circles
D:3:      layout_basic, uniq_terence
D:4:      layout_loops_ring, uniq_menkaure

Skill      XL: |  1  2  3  4  5  6 |
---------------+-------------------+-----
Dodging        | 1 2 |  2.0
Stealth        | 1 |  1.0
Unarmed Combat | 2 3 4 |  4.0
Throwing       | 1 |  1.0
Shapeshifting  | 1 |  1.0
Evocations     | 1 |  1.0
Fighting       | 4 |  4.0
Armour         | 3 |  3.0
Shields        | 3 |  3.0

Action                     |  1- 3 |  4- 6 || total
---------------------------+-------+-------++-------
  Melee: Unarmed           |   172 |   167 ||   339
  Throw: Dart              |     1 |    15 ||    16
         Stone             |       |     9 ||     9
    Use: Scroll            |     3 |       ||     3
         Potion            |     1 |     3 ||     4
 Armour: Scale mail        |   102 |    16 ||   118
         Chain mail        |       |    68 ||    68
         Ring mail         |       |    12 ||    12
  Dodge: Dodged            |    70 |    46 ||   116
  Block: Buckler           |    53 |    52 ||   105

Table legend: (Time is in decaauts)
 A = Elapsed time spent in this place.
 B = Non-inter-level travel time spent in this place.
 C = Inter-level travel time spent in this place.
 D = Time resting spent in this place.
 E = Time spent auto-exploring this place.
 F = Levels seen in this place.
 G = Mean time per level.
                   A        B        C        D        E       F      G
               +--------+--------+--------+--------+--------+-----+--------+
         Total |   3601 |   3178 |    423 |    468 |   1719 |   4 |  900.2 |
       Dungeon |   3601 |   3178 |    423 |    468 |   1719 |   4 |  900.2 |
               +--------+--------+--------+--------+--------+-----+--------+

Top non-repeatable levels by time:
     D:3: 1436 daAuts
     D:1: 924 daAuts
     D:2: 780 daAuts
     D:4: 460 daAuts
